 Dungeon Crawl Stone Soup version 0.25-a0-661-g55ea3d2053 (webtiles) character file.

Game seed: 15175632680436622564, levelgen mode: deterministic

121 DasRunzen the Ducker (level 4, -1/55 HPs)
             Began as a Demigod Gladiator on Mar 23, 2020.
             Slain by a goblin (3 damage)
             ... on level 3 of the Dungeon.
             The game lasted 00:02:49 (1961 turns).

DasRunzen the Ducker (Demigod Gladiator)            Turns: 1961, Time: 00:02:49

Health: -1/55      AC:  5    Str: 17    XL:     4   Next: 49%
Magic:  8/8        EV: 13    Int: 14    God:
Gold:   99         SH:  0    Dex: 17    Spells: 5/5 levels left

rFire    . . .     SeeInvis .   a - +0 long sword
rCold    . . .     Gourm    .   (no shield)
rNeg     . . .     Faith    .   b - +0 leather armour
rPois    .         Spirit   .   c - +1 helmet
rElec    .         Reflect  .   (no cloak)
rCorr    .         Harm     .   (no gloves)
MR       .....                  (no boots)
Stlth    ..........             (no amulet)
HPRegen  0.18/turn              (no ring)
MPRegen  0.11/turn              (no ring)

@: mighty, berserking, very quick
A: high mp 1
a: no special abilities


You were on level 3 of the Dungeon.
You were hungry.

You visited 1 branch of the dungeon, and saw 3 of its levels.

You collected 99 gold pieces.

Inventory:

Hand Weapons
 a - a +0 long sword (weapon)
Missiles
 d - 3 throwing nets (quivered)
Armour
 b - a +0 leather armour (worn)
 c - a +1 helmet (worn)
Potions
 g - a potion of flight
Comestibles
 f - 4 rations
 h - 2 chunks of flesh


   Skills:
 + Level 2.5 Fighting
 + Level 3.2 Long Blades
 - Level 1.7 Throwing
 + Level 1.5 Armour
 + Level 3.3 Dodging
 + Level 1.3 Spellcasting


You had 5 spell levels left.
You didn't know any spells.
Your spell library was empty.

Dungeon Overview and Level Annotations

Branches:
Dungeon (3/15)


Innate Abilities, Weirdness & Mutations

You have an increased reservoir of magic. (+10% MP)


Message History

You closely miss something. The orc hits you with a +0 club.
* * * LOW HITPOINT WARNING * * *
Something hits you but does no damage. The ooze closely misses you.
You riposte.
You hit the ooze.
The ooze is heavily wounded.
It was a potion of might.
You feel very mighty all of a sudden. The orc hits you but does no damage.
The ooze barely misses you. Something hits you but does no damage.
You barely miss something. The orc hits you but does no damage.
The ooze barely misses you.
You riposte.
You slash the ooze!
You kill the ooze!
You hear some strange, mumbled words.
A magic dart appears from out of thin air!
The magic dart hits you.
* * * LOW HITPOINT WARNING * * *
It was a potion of berserk rage.
A red film seems to cover your vision as you go berserk!
You feel yourself moving faster!
You feel mighty! The goblin hits you.
You die...

.......
......
###....
#.....
#.#o.#
#)#..#
#.#..##
###{#...#
#..@o.#.#
#...g...#
#.......(#
##.....#.#
..)...#...
.#######
..# .. .#
..


You could see an orc and a goblin.

Vanquished Creatures
  3 gnolls (D:2)
  2 adders (D:2)
  3 oozes
  A worm (D:3)
  6 dart slugs
  2 leopard geckos
  3 orcs
  2 ball pythons
  A giant cockroach (D:1)
  3 goblins
  5 hobgoblins
  5 bats
  4 frilled lizards
  4 kobolds
  5 rats
49 creatures vanquished.

Notes
Turn   | Place    | Note
-------+----------+-------------------------------------------
     0 | D:1      | DasRunzen the Demigod Gladiator began the quest for the
                  | Orb.
     0 | D:1      | Reached XP level 1. HP: 17/17 MP: 3/3
   107 | D:1      | Reached XP level 2. HP: 23/24 MP: 4/4
   746 | D:2      | Reached XP level 3. HP: 29/29 MP: 6/6
   749 | D:2      | Reached skill level 1 in Armour
   875 | D:2      | Found a faded altar of an unknown god.
   891 | D:2      | Reached skill level 1 in Spellcasting
  1473 | D:2      | Found a shadowy altar of Dithmenos.
  1554 | D:2      | Reached XP level 4. HP: 14/37 MP: 8/8
  1960 | D:3      | HP: 1/37 [something/magic dart (2)]
  1961 | D:3      | Slain by a goblin

Levels and vault maps discovered:
D:1:      dpeg_arrival_simpleton_c, layout_loops_corners, minmay_domino_2
D:2:      layout_loops_ring, nicolae_overflow_hidden_temple,
          chequers_ecumenical_altar_simple_redux,
          minmay_misc_feat_secret_circle, minmay_distorted
D:3:      layout_basic, old_standard_altar, minmay_misc_feat_chi, uniq_sigmund

Skill      XL: |  1  2  3 |
---------------+----------+-----
Fighting       | 2 |  2.5
Dodging        | 3 |  3.3
Long Blades    | 3 |  3.2
Armour         | 1 |  1.5
Spellcasting   | 1 |  1.3
Throwing       | |  1.7

Action                   |  1- 3 |  4- 6 || total
-------------------------+-------+-------++-------
Melee: Long sword        |   113 |    28 ||   141
  Use: Scroll            |     6 |       ||     6
       Potion            |       |     2 ||     2
 Stab: Sleeping          |     3 |       ||     3
  Eat: Chunk             |     1 |     2 ||     3
Armor: Leather armour    |    35 |    12 ||    47
Dodge: Dodged            |    76 |    30 ||   106
       Rpst.: Long sword |    22 |     6 ||    28

Table legend:
 A = Non-vault XP
 B = Vault XP
 C = Vault XP percentage of total XP
 D = Non-vault monster count
 E = Vault monster count
 F = Vault count percentage of total count
                 A         B        C        D         E       F
            +---------+---------+-------+---------+---------+-------
      Total |     144 |      30 |  17.2 |      46 |       3 |   6.1
            +---------+---------+-------+---------+---------+-------
        D:1 |      42 |       4 |   8.7 |      23 |       1 |   4.2
        D:2 |      87 |      26 |  23.0 |      20 |       2 |   9.1
        D:3 |      15 |       0 |   0.0 |       3 |       0 |   0.0
            +---------+---------+-------+---------+---------+-------
